[Event "Marshall CC U2400 01-2025"]
[Site "New York"]
[Date "2025.01.18"]
[Round "1.5"]
[White "Levin, Anthony"]
[Black "Solomon, Ciprian"]
[Result "1-0"]
[Annotator "RC"]
[ECO "B06"]
[WhiteElo "1997"]
[BlackElo "1850"]
[PlyCount "44"]
[EventDate "2025.01.17"]
[EventType "swiss"]
[EventCountry "USA"]
[SourceTitle "playchess.com"]
[Source "ChessBase"]
[SourceQuality "1"]
[TimeControl "5400+30"]

1. e4 g6 2. d4 d6 3. Nc3 Bg7 4. Be3 a6 5. Qd2 Nd7 6. O-O-O b5 7. h4 h6 8. Kb1 Bb7 9. f3 Nb6 10. a3 e6 11. g4 Ne7 12. Nh3 d5 13. e5 Qd7 14. Nf2 Nc4 15. Bxc4 bxc4 16. f4 h5 17. f5 gxf5 18. gxh5 Rh7 19. h6 Rxh6 20. Ne2 Rh5 21. Bg5 Ng6 22. c3 c5 1-0

[Event "Marshall CC U2400 01-2025"]
[Site "New York"]
[Date "2025.01.18"]
[Round "1.6"]
[White "Menzi, Nezihe Ezgi"]
[Black "Shvarts, Tim"]
[Result "0-1"]
[Annotator "RC"]
[ECO "C95"]
[WhiteElo "1917"]
[BlackElo "1993"]
[PlyCount "94"]
[EventDate "2025.01.17"]
[EventType "swiss"]
[EventCountry "USA"]
[SourceTitle "playchess.com"]
[Source "ChessBase"]
[SourceQuality "1"]
[TimeControl "5400+30"]

1. e4 e5 2. Nf3 Nc6 3. Bb5 a6 4. Ba4 Nf6 5. O-O Be7 6. Re1 b5 7. Bb3 d6 8. c3 O-O 9. h3 Nb8 10. d4 Nbd7 11. Nbd2 Bb7 12. d5 c6 13. dxc6 Bxc6 14. Bc2 Nc5 15. Nh2 Qc8 16. Ng4 Qb7 17. Nxf6+ Bxf6 18. Qg4 g6 19. Nf1 h5 20. Qe2 b4 21. Bh6 Bg7 22. Bxg7 Kxg7 23. cxb4 Qxb4 24. Rab1 Ne6 25. Qd2 Rab8 26. a3 Qxd2 27. Nxd2 Bb5 28. a4 Nd4 29. axb5 Nxc2 30. Red1 Rxb5 31. Nc4 Rb4 32. Nxd6 Rfb8 33. Rd5 Rd4 34. b3 Rb6 35. Nc8 Rc6 36. Ne7 Re6 37. Nc8 Rxe4 38. Rc1 Rd4 39. Ra5 Nb4 40. Rc7 e4 41. Rc4 Rd1+ 42. Kh2 Nd3 43. Ra2 Rf1 44. Rcc2 Nb4 45. Kg3 Nxa2 46. Rxa2 Rc1 47. Na7 Rc7 0-1

[Event "Marshall CC U2400 01-2025"]
[Site "New York"]
[Date "2025.01.18"]
[Round "1.8"]
[White "Chu, Leon"]
[Black "Paragua, Dominic Nathan"]
[Result "0-1"]
[Annotator "NA COMBH"]
[ECO "B90"]
[WhiteElo "1775"]
[BlackElo "1892"]
[PlyCount "96"]
[EventDate "2025.01.17"]
[EventType "swiss"]
[EventCountry "USA"]
[SourceTitle "playchess.com"]
[Source "ChessBase"]
[SourceQuality "1"]
[TimeControl "5400+30"]

1. e4 c5 2. Nf3 d6 3. d4 cxd4 4. Nxd4 Nf6 5. Nc3 a6 6. f3 e5 7. Nb3 Be6 8. Be3 Be7 9. Qd2 O-O 10. O-O-O Nbd7 11. g4 b5 12. a3 {[%emt 0:01:02] B90: Sicilian Najdorf: Unusual White 6th moves, 6 Be3 Ng4 and 6 Be3 e5.} Nb6 13. Na5 Qc7 14. g5 Nh5 15. h4 Rfd8 16. Bh3 Nf4 17. Bxe6 fxe6 18. Bxf4 exf4 19. Qxf4 Na4 20. Nxa4 bxa4 21. Qd2 d5 22. exd5 Rxd5 23. Qe1 Re5 24. Qd2 Rd8 25. Qf4 Rc8 26. Qxa4 Rxa5 27. Qb3 Rc5 (27... Rb5 $142 28. Qd3 Bxa3 29. bxa3 Rcb8) 28. Rd2 Rc4 29. Rhd1 Rb8 ({Don't play} 29... Rxh4 30. Qxe6+ Kh8 31. Re1 $19) 30. Qd3 {[%emt 0:00:22] [#]} (30. Qe3 $142 Qc6 (30... Rxh4 $2 31. Qxe6+ Kh8 32. Qe3 $19) 31. Kb1) 30... Qb6 $1 31. c3 Rbc8 32. Rc2 R4c6 ({Resist} 32... Rxh4 33. g6 $19) (32... Qb3 $142 33. Qe3 Rxh4) 33. b4 (33. Qe4 $142) 33... a5 34. Rdd2 Qc7 35. Kb2 Bd6 $19 (35... g6 $142 36. Kb1 Rc4 (36... Rxc3 $2 37. Qxc3 Qxc3 38. Rxc3 $19)) 36. Re2 $2 (36. b5 Rb6 37. a4) 36... Be5 37. Re3 axb4 38. axb4 Rc4 39. Kb3 Bd4 40. Rxe6 Qf7 41. Qe2 R4c6 42. cxd4 Rxc2 43. Qe4 R8c3+ 44. Ka4 Ra2+ 45. Kb5 Qd7+ 46. Kb6 Qa7+ 47. Kb5 Qa4+ 48. Kb6 {[%emt 0:00:00] Check Result:?ev?} Qxb4# 0-1

[Event "Marshall CC U2400 01-2025"]
[Site "New York"]
[Date "2025.01.18"]
[Round "1.9"]
[White "Tadevosyan, Levon"]
[Black "Alvarado-Yoshida, Nico"]
[Result "1-0"]
[Annotator "RC"]
[ECO "C01"]
[WhiteElo "1927"]
[BlackElo "1802"]
[PlyCount "43"]
[EventDate "2025.01.17"]
[EventType "swiss"]
[EventCountry "USA"]
[SourceTitle "playchess.com"]
[Source "ChessBase"]
[SourceQuality "1"]
[TimeControl "5400+30"]

1. e4 e6 2. d4 d5 3. exd5 exd5 4. c4 c6 5. Nc3 Nf6 6. Nf3 Be7 7. Bd3 O-O 8. O-O Be6 9. c5 Nbd7 10. Bf4 Re8 11. h3 Nf8 12. b4 Ng6 13. Bh2 b6 14. Ne5 Nxe5 15. dxe5 Nd7 16. f4 d4 17. f5 dxc3 18. fxe6 fxe6 19. Qh5 Nf8 20. Rxf8+ Kxf8 21. Rf1+ Bf6 22. exf6 1-0

[Event "Marshall CC U2400 01-2025"]
[Site "New York"]
[Date "2025.01.18"]
[Round "1.9"]
[White "Tadevosyan, Levon"]
[Black "Alvarado-Yoshida, Nico"]
[Result "*"]
[Annotator "NA RC"]
[ECO "C01"]
[WhiteElo "1927"]
[BlackElo "1802"]
[PlyCount "43"]
[EventDate "2025.01.17"]
[EventType "swiss"]
[EventCountry "USA"]
[SourceTitle "playchess.com"]
[Source "ChessBase"]
[SourceQuality "1"]
[TimeControl "5400+30"]

1. e4 e6 2. d4 d5 3. exd5 exd5 4. c4 c6 5. Nc3 Nf6 6. Nf3 Be7 7. Bd3 {[%emt 0:00:20] 7.Bd3 scores better than 7.Be2.} O-O 8. O-O Be6 {[%emt 0:00:34] C01: French: Exchange Variation.} 9. c5 Nbd7 10. Bf4 (10. b4 $14) 10... Re8 11. h3 Nf8 12. b4 Ng6 13. Bh2 b6 $146 (13... Nh5 $14) ({Predecessor:} 13... Qc8 14. Re1 Bf5 15. a4 Bxd3 16. Qxd3 a6 17. Ra2 Bf8 18. Rxe8 Qxe8 19. Re2 Qc8 {1-0 Mar Gonzalez,F (2206)-Chan,S (1862) Internet Section 06B g/8'+2" blitz 2004 (3)}) 14. Ne5 ({White should play} 14. Rc1 $16) 14... Nxe5 15. dxe5 (15. Bxe5 $142 Nd7 16. Bg3) 15... Nd7 16. f4 d4 $2 (16... f5 $11 {and Black stays safe.}) 17. f5 $1 dxc3 18. fxe6 fxe6 $2 {[%emt 0:00:09] [#]} (18... Bxc5+ 19. bxc5 Rxe6 20. cxb6 Qxb6+ 21. Rf2 (21. Kh1 Nxe5 22. Bf5 Re7 $18) 21... Nxe5 22. Bxh7+ Kxh7) 19. Qh5 $1 Nf8 20. Rxf8+ Kxf8 21. Rf1+ Bf6 22. exf6 *

[Event "Marshall CC U2400 01-2025"]
[Site "New York"]
[Date "2025.01.18"]
[Round "1.10"]
[White "Zhang, Andrew"]
[Black "Nkululeko, Nkosi"]
[Result "0-1"]
[Annotator "RC"]
[ECO "C47"]
[WhiteElo "2041"]
[BlackElo "1970"]
[PlyCount "96"]
[EventDate "2025.01.17"]
[EventType "swiss"]
[EventCountry "USA"]
[SourceTitle "playchess.com"]
[Source "ChessBase"]
[SourceQuality "1"]
[TimeControl "5400+30"]

1. e4 e5 2. Nf3 Nf6 3. Nc3 Nc6 4. d4 exd4 5. Nxd4 Bb4 6. Nxc6 bxc6 7. Bd3 d5 8. exd5 cxd5 9. O-O O-O 10. Bf4 Bg4 11. f3 Bh5 12. a3 Bd6 13. Qd2 c6 14. Ne2 Re8 15. Rfe1 Qb6+ 16. Kh1 Bxf4 17. Nxf4 Qxb2 18. Nxh5 Nxh5 19. Qg5 Nf6 20. Qg3 Rxe1+ 21. Rxe1 Qxa3 22. h3 Qb4 23. Re5 a5 24. Rf5 Kf8 25. Qc7 Qb1+ 26. Kh2 Qb8 27. Qxb8+ Rxb8 28. Rf4 Rb4 29. Rxb4 axb4 30. Kg3 Ke7 31. Kf4 Kd6 32. g4 h6 33. h4 c5 34. g5 hxg5+ 35. hxg5 Nh5+ 36. Kg4 c4 37. Bf1 g6 38. f4 Ng7 39. Kf3 Kc5 40. Ke3 Nf5+ 41. Kd2 Kd4 42. Bg2 Ng7 43. Bh3 Ne6 44. f5 Nxg5 45. fxg6 Ne4+ 46. Kc1 fxg6 47. Bg4 Nf2 48. Be6 g5 0-1

[Event "Marshall CC U2400 01-2025"]
[Site "New York"]
[Date "2025.01.18"]
[Round "1.11"]
[White "Baker, Aidan"]
[Black "Romano Grobeisen, Elias"]
[Result "1-0"]
[Annotator "NA RC"]
[ECO "B22"]
[WhiteElo "1975"]
[BlackElo "1835"]
[PlyCount "107"]
[EventDate "2025.01.17"]
[EventType "swiss"]
[EventCountry "USA"]
[SourceTitle "playchess.com"]
[Source "ChessBase"]
[SourceQuality "1"]
[TimeControl "5400+30"]

1. e4 c5 2. c3 d5 3. exd5 Qxd5 4. d4 Nf6 5. Nf3 Bg4 6. Be2 e6 7. O-O Nc6 8. Be3 cxd4 9. cxd4 a6 {[%emt 0:06:16] B22: Sicilian: 2 c3.} (9... Be7 $142) 10. Nc3 Qd8 11. Qb3 Rb8 (11... Bd6 $11) 12. Rad1 Nd5 (12... Be7 $1 $14) 13. Nxd5 exd5 14. Rfe1 (14. Bf4 $18 {and White stays clearly on top.}) 14... Bb4 15. Bg5 Qd6 16. Nd2 Be6 17. Qe3 Rc8 18. Bf4 Qd7 19. a3 Bd6 20. Nb3 O-O 21. Nc5 Bxc5 22. dxc5 Rfe8 23. Qd2 h6 24. h3 Ne7 25. b4 Red8 26. Bf3 Qa4 27. Bd6 Nf5 28. Bxd5 Bxd5 29. Qxd5 Nxd6 30. cxd6 Rd7 {[%emt 0:01:51] [#]} 31. Re7 $1 Rf8 32. Rd3 Rdd8 33. Rf3 Qc6 34. Qxc6 (34. Rfxf7 $142 Qc1+ 35. Kh2) 34... bxc6 35. d7 f6 (35... g5 $142 36. Rf6 Kh7 37. Rxc6 a5) 36. Rc3 (36. Rfe3 $142) 36... a5 $2 (36... Rf7 $18 37. Re8+ Rf8 38. Rxd8 (38. Rxc6 Rdxe8 39. dxe8=N Rxe8 $18) 38... Rxd8 39. Rxc6 Rxd7 40. Rxa6 Rd1+ 41. Kh2 Rb1) 37. Rxc6 axb4 38. axb4 Rb8 39. Rce6 Rfd8 40. Re8+ (40. b5 $142 f5 41. Re8+ Kf7 42. R6e7+ Kg6 43. Re6+ Kf7) 40... Kf7 $18 41. R6e7+ Kg6 42. Rxd8 Rxd8 43. b5 f5 44. Re6+ Kf7 45. Rd6 Ke7 46. Rd3 Rb8 47. Kf1 Kd8 48. Rd5 f4 49. Ke2 Rb6 50. Kf3 Rf6 51. h4 g6 52. Kg4 h5+ 53. Kg5 Rb6 54. Kxf4 1-0

[Event "Marshall CC U2400 01-2025"]
[Site "New York"]
[Date "2025.01.18"]
[Round "1.12"]
[White "Nakada, Johji David"]
[Black "Le, Quan Anh"]
[Result "0-1"]
[Annotator "RC"]
[ECO "D00"]
[WhiteElo "1693"]
[BlackElo "2107"]
[PlyCount "54"]
[EventDate "2025.01.17"]
[EventType "swiss"]
[EventCountry "USA"]
[SourceTitle "playchess.com"]
[Source "ChessBase"]
[SourceQuality "1"]
[TimeControl "5400+30"]

1. d4 Nf6 2. Bg5 d5 3. Bxf6 gxf6 4. g3 e5 5. e3 Bg7 6. Bg2 c6 7. Ne2 Be6 8. Nd2 O-O 9. b3 Qd7 10. c4 Bh3 11. O-O Na6 12. c5 b6 13. Bxh3 Qxh3 14. b4 Nxb4 15. Qa4 bxc5 16. dxc5 Nd3 17. Qxc6 Rfd8 18. Qb5 e4 19. Rab1 Rac8 20. c6 Rd6 21. Nd4 f5 22. c7 Bxd4 23. Qb8 Rh6 24. Qxc8+ Kg7 25. Qh8+ Kxh8 26. Rb8+ Kg7 27. c8=Q Qxh2# 0-1

[Event "Marshall CC U2400 01-2025"]
[Site "New York"]
[Date "2025.01.18"]
[Round "1.13"]
[White "Cheung, Kyle"]
[Black "Singh, Ian Avery"]
[Result "1-0"]
[Annotator "NA COMBH"]
[ECO "B90"]
[WhiteElo "1860"]
[BlackElo "1756"]
[PlyCount "141"]
[EventDate "2025.01.17"]
[EventType "swiss"]
[EventCountry "USA"]
[SourceTitle "playchess.com"]
[Source "ChessBase"]
[SourceQuality "1"]
[TimeControl "5400+30"]

1. e4 c5 2. Nf3 d6 3. d4 cxd4 4. Nxd4 Nf6 5. Nc3 a6 6. f3 e5 7. Nb3 Be6 8. Be3 Be7 9. Qd2 h5 10. Nd5 Nxd5 11. exd5 Bf5 {[%emt 0:00:10] B90: Sicilian Najdorf: Unusual White 6th moves, 6 Be3 Ng4 and 6 Be3 e5.} 12. Be2 Nd7 13. c4 a5 14. a4 b6 15. O-O O-O 16. f4 Bg4 17. Bxg4 hxg4 18. f5 Nf6 ({Better is} 18... Rc8 $14) 19. Qe2 Rc8 20. Nd2 g6 $18 (20... Re8 $142 21. b3 g6) 21. Bg5 g3 22. hxg3 Nh5 23. Bxe7 Qxe7 24. Ne4 Nf6 25. Rf3 Nxe4 26. Qxe4 Qf6 27. Raf1 Kg7 28. b3 g5 29. Qe3 Rc5 30. g4 Rh8 31. Rh3 Rxh3 32. gxh3 Rc8 33. Qxb6 Rc5 34. Qb8 e4 35. Qe8 Qd4+ 36. Kg2 f6 37. Qe7+ Kg8 38. Qxd6 e3 39. Qe6+ Kg7 40. Kf3 Qd3 41. Re1 (41. Qxe3 $2 {is the wrong capture.} Qxf1+ 42. Kg3 Rc7 $19) 41... e2+ 42. Qe3 Qd1 43. Qe7+ Kg8 44. Qe8+ Kg7 45. Qg6+ Kh8 46. Qxf6+ Kh7 47. Qg6+ Kh8 48. Qh6+ ({Worse is} 48. Rxe2 Qf1+ 49. Rf2 Qh1+ 50. Rg2 Qf1+ 51. Rf2 Qd3+ 52. Kg2 Qe4+ 53. Kg1 Qe1+ 54. Kg2 Qe4+ 55. Kf1 Qh1+ 56. Ke2 Qe4+ 57. Kf1 Qh1+ 58. Ke2 Qe4+ 59. Kd2 Rxd5+ 60. cxd5 Qc2+ 61. Ke3 Qxf2+ 62. Ke4 Qe3+ 63. Kxe3 $11) 48... Kg8 49. Qxg5+ Kf7 50. Qg6+ Kf8 51. Qf6+ Kg8 52. Qe6+ Kh7 53. Qxe2 Qxb3+ 54. Qe3 Qxe3+ 55. Kxe3 Rxc4 56. d6 Rc8 57. d7 Rd8 58. Rd1 Kg7 59. Kf4 Kf7 60. g5 Kg7 61. f6+ Kg6 62. Kg4 (62. Rd6 $142 Kf7 63. Kf5 Rg8 64. g6+ (64. d8=R Rxg5+ 65. Ke4 Rg2 $18) (64. d8=Q Rxd8 65. g6+ Ke8 66. f7+ Ke7 67. Rxd8 Kxd8 68. f8=Q+ Kc7 69. g7 Kb7 70. g8=Q Kc7 71. Qc5+ Kd7 72. Qgc8#) 64... Rxg6 65. d8=N+ (65. d8=B Rg1 $18) (65. d8=Q Rg5+ 66. Ke4 Rg8 67. Qe7+ Kg6 68. f7+ Kh5 69. Qe5+ Rg5 70. Qh8#) 65... Kf8 66. Kxg6 Ke8 67. Nb7 Kf8 68. Rd8#) 62... Rxd7 63. Rf1 Rd4+ 64. Rf4 Rd8 65. h4 Rh8 66. f7 Rf8 67. h5+ Kg7 68. h6+ Kg6 69. Rf6+ Kh7 70. Kh5 Re8 {[%emt 0:00:25] Check Result:#1} 71. g6+ 1-0

[Event "Marshall CC U2400 01-2025"]
[Site "New York"]
[Date "2025.01.18"]
[Round "1.15"]
[White "Blank, Moshe"]
[Black "Sarwar, Sawyer L"]
[Result "1-0"]
[Annotator "RC"]
[ECO "C45"]
[WhiteElo "1931"]
[BlackElo "1850"]
[PlyCount "54"]
[EventDate "2025.01.17"]
[EventType "swiss"]
[EventCountry "USA"]
[SourceTitle "playchess.com"]
[Source "ChessBase"]
[SourceQuality "1"]
[TimeControl "5400+30"]

1. e4 e5 2. Nf3 Nc6 3. d4 exd4 4. Nxd4 Bc5 5. Nb3 Bb6 6. Qe2 Nge7 7. Nc3 O-O 8. Be3 d6 9. O-O-O f5 10. g3 fxe4 11. Bg2 Ne5 12. h3 Be6 13. Bxe4 Bc4 14. Qe1 Bxe3+ 15. Qxe3 Nf5 16. Qd2 a5 17. Bxb7 Ra7 18. Bd5+ Kh8 19. f4 Bxd5 20. Nxd5 Nc6 21. Qc3 Nce7 22. Rhe1 Nxd5 23. Rxd5 Ne7 24. Rg5 Ng6 25. Nd4 Qf6 26. Rf5 Qd8 27. Nc6 Ra8 1-0